 Dungeon Crawl Stone Soup version 0.32-a0-558-g233958a4c4 (webtiles) character file.

Game seed: 2661811485318996805

2425 tiapride the Grappler (level 9, -8/74 (77) HPs)
             Began as a Red Draconian Shapeshifter on Feb 29, 2024.
             Was an Initiate of Yredelemnul.
             Mangled by a two-headed ogre
             ... wielding a +0 great mace
              (17 damage)
             ... on level 8 of the Dungeon.
             The game lasted 00:07:40 (7309 turns).

tiapride the Grappler (Red Draconian Shapeshifter)  Turns: 7309, Time: 00:07:41

HP:   -8/74 (77)    AC:  7    Str: 20    XL:     9   Next: 24%
MP:   9/9           EV: 14    Int: 11    God:    Yredelemnul [......]
Gold: 543           SH:  0    Dex: 14    Spells: 8/8 levels left

rFire   + .          .
                       - Unarmed
rCold   . . .        (no shield)
rNeg    . . .        (body armour unavailable)
rPois   .            (helmet currently unavailable)
rElec   .            (cloak currently unavailable)
rCorr   .            (gloves currently unavailable)
SInv    .            (boots currently unavailable)
Will    .....        k - amulet of the Thirsty Dreams {RegenMP RegenMP+ Str+3}
Stlth   +            (no ring)
HPRegen 0.32/turn    (no ring)
MPRegen 0.51/turn

%: no passive effects
@: beast-form, wreathed by umbra, studying Unarmed Combat, lightly drained
A: beast (slay +3), combustion breath, AC +7, unfitting armour, fire resistance
1, cold-blooded
a: Combustion Breath, Begin Untransformation, Renounce Religion, Light the Black
Torch, Recall Undead Harvest


You were on level 8 of the Dungeon.
You worshipped Yredelemnul.
Yredelemnul was noncommittal.
You were a hulking beast.
You visited 2 branches of the dungeon, and saw 9 of its levels.

You collected 543 gold pieces.

Inventory:

Missiles
 y - 2 throwing nets (quivered)
Jewellery
 k - the amulet of the Thirsty Dreams (around neck) {RegenMP RegenMP+ Str+3}
   (You found it on level 2 of the Dungeon)

   [amulet of magic regeneration]

   RegenMP:   It increases your rate of magic regeneration.
   Str+3:     It affects your strength (+3).
   RegenMP+:  It increases your rate of magic regeneration.
 r - a ring of ice
 s - a ring of wizardry
 v - a ring of wizardry
Talismans
 b - a beast talisman (active)
 c - a flux talisman
 o - a blade talisman
Scrolls
 e - a scroll of torment
 h - 2 scrolls of vulnerability {!r}
 l - 3 scrolls of revelation {@r5}
 m - a scroll of fog {unknown}
 n - a scroll of enchant weapon {unknown}
 q - a scroll of blinking {@r4}
 t - a scroll of brand weapon
 z - a scroll of identify {@r1}
 A - a scroll of teleportation {@r3}
Potions
 a - 2 potions of attraction {unknown}
 d - a potion of haste {unknown}
 f - 5 potions of curing {unknown}
 g - a potion of ambrosia {unknown}
 i - a potion of degeneration {unknown}
 j - 3 potions of mutation {unknown}
 p - a potion of enlightenment {unknown}
 u - 2 potions of brilliance {unknown}
 w - a potion of might {unknown}
 x - a potion of berserk rage {unknown}


   Skills:
 + Level 6.3 Fighting
 - Level 5.0 Dodging
 - Level 10.0 Unarmed Combat
 + Level 6.1 Shapeshifting


You had 8 spell levels left.
You didn't know any spells.
Your spell library contained the following spells:

 Spells                   Type           Power      Damage    Failure   Level
 Magic Dart               Conj           0%         1d3       34%         1
 Necrotise                Necr           0%         1d4       34%         1
 Blink                    Tloc           0%         N/A       47%         2
 Call Imp                 Summ           0%         N/A       47%         2
 Summon Ice Beast         Ice/Summ       0%         N/A       71%         3
 Vampiric Draining        Necr           0%         2d6       71%         3
 Martyr's Knell           Necr/Summ      0%         N/A       98%         4
 Curse of Agony           Necr           0%         N/A       100%        5
 Summon Mana Viper        Hex/Summ       0%         N/A       100%        5
 Monstrous Menagerie      Summ           0%         N/A       100%        7


Dungeon Overview and Level Annotations

Branches:
Dungeon (8/15)             Temple (1/1) D:6
   Lair: D:8-11

Altars:
Ashenzari
Cheibriados
Dithmenos
Elyvilon
Fedhas
Gozag
Kikubaaqudgha
Nemelex Xobeh
Qazlal
Trog
Uskayaw
Vehumet
Xom
Yredelemnul
Zin
The Shining One

Shops:
D:1 =   D:6 *=

Annotations:
D:3 1 runed translucent door, Nico3ck's ghost, amateur FoFi
D:5 3 runed translucent doors, Xoff's ghost, novice GnCj


Innate Abilities, Weirdness & Mutations

You are a hulking beast.
Your limbs bulge with bestial killing power. (Slay +3)
You can breathe blasts of explosive embers.
Your fiery red scales are hard. (AC +7)
You cannot fit into any form of body armour.
Your flesh is heat resistant. (rF+)
You are cold-blooded and may be slowed by cold attacks.


Message History

You hit the gnoll bouda.
The gnoll bouda is almost dead.
The gnoll bouda utters an invocation to its god.
The gnoll bouda is healed somewhat.
Your gnoll zombie barely misses the gnoll bouda.
You punch the gnoll bouda!
You kill the gnoll bouda!
Their soul becomes fuel for the torch.
You barely miss the gnoll.
Your attacks no longer feel as feeble.
The gnoll closely misses you.
Your gnoll zombie barely misses the gnoll.
You punch the gnoll!
The gnoll is heavily wounded.
Your gnoll zombie closely misses the gnoll.
You barely miss the gnoll.
The gnoll is heavily wounded.
The gnoll hits you with a +0 whip.
You hit the gnoll.
The gnoll is almost dead.
The two-headed ogre hits you with a +0 great mace!
The two-headed ogre hits you with a +0 giant club!
Your gnoll zombie hits the gnoll but does no damage.
The gnoll closely misses you.
You are too injured to fight recklessly!
You punch the gnoll!
You kill the gnoll!
Their soul becomes fuel for the torch.
Your gnoll zombie hits the two-headed ogre.
The two-headed ogre hits you with a +0 great mace!
The two-headed ogre closely misses you.
Unknown command.
Your gnoll zombie hits the two-headed ogre.
The gnoll is no longer moving quickly.
The two-headed ogre attacks as it pursues you!
The two-headed ogre hits you with a +0 great mace!!
* * * LOW HITPOINT WARNING * * *
The two-headed ogre hits you with a +0 giant club!
You die...
Your body rises from the dead as a mindless zombie.

#.....#.........
......))........
#.....#
#.....##### ...
#....Z..#.. ....
#.......#.# ..#
#...g..)#.#...#
#.......#.#..###
####...Oh.......
##.##).#.....
#######'#######
##...##..)##...##
#<.♣..))♣....♣.>#
##...##..)##...##
#######.#######
#.# ...


You could see a two-headed ogre (ally target), a gnoll and a friendly gnoll
zombie.

Vanquished Creatures
  A steam dragon (D:6)
  Edmund (D:5)
  A water moccasin (D:7)
  A sky beast (D:7)
  An ogre (D:4)
  2 centaurs
  A phantom (D:7)
  3 bullfrogs
  4 scorpions (D:5)
  A gnoll sergeant (D:7)
  3 wights (D:8)
  3 bombardier beetles
  A howler monkey (D:5)
  A jelly (D:6)
  2 gnoll boudas
  2 orc priests
  6 hounds
  7 iguanas
  Terence (D:3)
  3 orc wizards
  9 gnolls
  7 adders
  A white imp (D:8)
  2 ribbon worms
  A dart slug (D:3)
  21 orcs
  5 endoplasms
  4 giant cockroaches
  A goblin (D:1)
  7 hobgoblins
  5 kobolds
  A quokka (D:1)
  4 ball pythons
  2 bats (D:1)
  3 frilled lizards
  3 rats
121 creatures vanquished.

Vanquished Creatures (collateral kills)
  An orc priest (D:7)
  A gnoll (D:7)
2 creatures vanquished.

Vanquished Creatures (others)
  A bullfrog zombie (D:7)
  3 orc zombies (D:8)
4 creatures vanquished.

Grand Total: 127 creatures vanquished

Notes
Turn   | Place    | Note
-------+----------+-------------------------------------------
     0 | D:1      | tiapride the Draconian Shapeshifter began the quest for the
                  | Orb.
     0 | D:1      | Reached XP level 1. HP: 16/16 MP: 1/1
   290 | D:1      | Reached XP level 2. HP: 17/23 MP: 2/2
   349 | D:1      | Found Ugir's Jewellery Boutique.
   845 | D:2      | Identified the amulet of the Thirsty Dreams {RegenMP
                  | RegenMP+ Str+3}
  1109 | D:2      | Found a broken altar of Ashenzari.
  1169 | D:2      | Reached XP level 3. HP: 26/29 MP: 3/3
  1321 | D:3      | Noticed Terence
  1329 | D:3      | Killed Terence
  1404 | D:3      | Found a runed translucent door.
  1406 | D:3      | Noticed Nico3ck's ghost (amateur FoFi)
  1526 | D:3      | Reached XP level 4. HP: 36/36 MP: 4/4
  1677 | D:3      | Reached skill level 4 in Unarmed Combat
  2093 | D:4      | Noticed an ogre
  2306 | D:4      | Reached XP level 5. HP: 17/42 MP: 5/5
  2628 | D:4      | Found a shadowy altar of Dithmenos.
  2704 | D:4      | HP: 2/42 [gnoll/+0 halberd[a gnoll bouda] (5)]
  3176 | D:4      | Killed an ogre
  3177 | D:4      | Reached XP level 6. HP: 38/51 MP: 6/6
  3384 | D:4      | Reached skill level 5 in Unarmed Combat
  3845 | D:5      | Entered Level 5 of the Dungeon
  3846 | D:5      | Noticed a +0 falchion
  3846 | D:5      | Noticed a +0 short sword
  3847 | D:5      | Noticed a +0 dagger
  3847 | D:5      | Noticed a +0 falchion
  3847 | D:5      | Noticed a +0 spear
  3847 | D:5      | Noticed a +0 spear
  3857 | D:5      | Found a hide-covered altar of Uskayaw.
  3857 | D:5      | Noticed a +0 dagger
  3861 | D:5      | Noticed a +0 short sword
  3908 | D:5      | Your scales start taking on a fiery red colour.
  3908 | D:5      | Reached XP level 7. HP: 34/57 MP: 7/7
  3908 | D:5      | Gained mutation: Your flesh is heat resistant. (rF+) [Red
                  | Draconian growth]
  4294 | D:5      | Noticed Edmund
  4305 | D:5      | Killed Edmund
  4306 | D:5      | Reached skill level 6 in Unarmed Combat
  4374 | D:5      | Found a shimmering altar of Xom.
  5088 | D:5      | Found a runed translucent gate.
  5088 | D:5      | Found a runed translucent gate.
  5088 | D:5      | Found a runed translucent gate.
  5093 | D:5      | Noticed Xoff's ghost (novice GnCj)
  5246 | D:5      | Identified a scroll of acquirement
  5249 | D:5      | Acquired a manual of Unarmed Combat
  5308 | D:6      | Found an opulent altar of Gozag.
  5311 | D:6      | Found Gozag's Platinum Reserve.
  5416 | D:6      | Found Egisaxt's Jewellery Shop.
  5436 | D:6      | Found the +4 robe of Augmentation {Str+4 Int+4 Dex+4}
  5460 | D:6      | Reached XP level 8. HP: 52/67 MP: 8/8
  5514 | D:6      | Reached skill level 7 in Unarmed Combat
  5521 | D:6      | Reached skill level 5 in Shapeshifting
  5634 | D:6      | Reached skill level 5 in Fighting
  5907 | D:6      | Found a white marble altar of Elyvilon.
  6053 | D:6      | Found a staircase to the Ecumenical Temple.
  6062 | D:6      | Reached skill level 8 in Unarmed Combat
  6132 | Temple   | Entered the Ecumenical Temple
  6156 | Temple   | Became a worshipper of Yredelemnul the Fallen
  6459 | D:7      | Reached skill level 9 in Unarmed Combat
  6464 | D:7      | Reached skill level 5 in Dodging
  6499 | D:7      | Reached XP level 9. HP: 38/75 MP: 9/9
  6702 | D:7      | Found a blossoming altar of Fedhas.
  6799 | D:7      | Found a glowing golden altar of the Shining One.
  7055 | D:8      | Reached skill level 10 in Unarmed Combat
  7278 | D:8      | Noticed a two-headed ogre
  7309 | D:8      | Mangled by a two-headed ogre

Illustrated notes

Levels and vault maps discovered:
D:1:      shiori_shiawase, layout_rooms, serial_shops,
          nicolae_shop_gaudy_bauble, minmay_misc_feat_hallway
D:2:      layout_rooms, serial_curves, eino_curves_03, eino_curves_01,
          eino_curves_03, eino_curves_03, basic_altar, patterned_corridor
D:3:      layout_loops_ring, ebering_ghost_sewer_d,
          chequers_serial_rivers_micro_c, hex_tiny, uniq_terence
D:4:      layout_loops_ring, general_overflow_altar
D:5:      layout_loops_corners, nicolae_uskayaw_en_pointe,
          brannock_xom_greatest_gift, gammafunk_ghost_nasty_kobolds, uniq_edmund
D:6:      layout_loops_ring, old_standard_altar,
          nicolae_gozag_zags_fifth_avenue, minmay_temple_entry_ruins,
          serial_shops, shop
D:7:      layout_cave_pools, fedhas_altar_3, tso_altar
D:8:      layout_basic, grunt_ministairs_5
Temple:   nicolae_temple_bog_church

Skill      XL: |  1  2  3  4  5  6  7  8  9 |
---------------+----------------------------+-----
Dodging        | 2 3 4 5 |  5.0
Fighting       | 2 3 4 5 6 |  6.3
Unarmed Combat | 4 5 6 9 10 | 10.0
Shapeshifting  | 4 5 6 |  6.1

Action                     |  1- 3 |  4- 6 |  7- 9 || total
---------------------------+-------+-------+-------++-------
  Melee: Unarmed           |    86 |   121 |   223 ||   430
         Tailslap          |    11 |    22 |    26 ||    59
         Punch             |     1 |     3 |    11 ||    15
 Invoke: Light the Black T |       |       |     2 ||     2
Ability: Combustion Breath |       |       |     4 ||     4
  Evoke: Wand              |       |       |     3 ||     3
    Use: Potion            |     1 |     1 |       ||     2
         Scroll            |       |     3 |     6 ||     9
   Stab: Sleeping          |     2 |     2 |     1 ||     5
         Paralysed         |       |       |     1 ||     1
 Armour: Skin              |    48 |    68 |   120 ||   236
  Dodge: Dodged            |    49 |    55 |   135 ||   239

Table legend: (Time is in decaauts)
 A = Elapsed time spent in this place.
 B = Non-inter-level travel time spent in this place.
 C = Inter-level travel time spent in this place.
 D = Time resting spent in this place.
 E = Time spent auto-exploring this place.
 F = Levels seen in this place.
 G = Mean time per level.
                   A        B        C        D        E       F      G
               +--------+--------+--------+--------+--------+-----+--------+
         Total |   7268 |   6870 |    398 |   1640 |   4309 |   9 |  807.6 |
       Dungeon |   7230 |   6869 |    361 |   1640 |   4309 |   8 |  903.8 |
        Temple |     37 |      1 |     36 |      0 |      0 |   1 |   37.0 |
               +--------+--------+--------+--------+--------+-----+--------+

Top non-repeatable levels by time:
     D:4: 1599 daAuts
     D:5: 1439 daAuts
     D:6: 1052 daAuts
     D:3: 953 daAuts
     D:2: 679 daAuts
     D:7: 623 daAuts
     D:1: 601 daAuts
     D:8: 280 daAuts
  Temple: 37 daAuts
